 Dungeon Crawl Stone Soup version 0.30-b1-2-g02819fbbbe (webtiles) character file.

Game seed: 6613733179232345045

11 Alarkh the Insei (level 2, -3/24 HPs)
             Began as a Demonspawn Chaos Knight on May 20, 2023.
             Was a Plaything of Xom.
             Slain by a chaos spawn (17 damage)
             ... summoned by Xom
             ... on level 1 of the Dungeon.
             The game lasted 00:00:51 (199 turns).

Alarkh the Insei (Demonspawn Chaos Knight)           Turns: 199, Time: 00:00:51

Health: -3/24      AC:  5    Str: 12    XL:     2   Next: 17%
Magic:  2/2        EV: 16    Int: 13    God:    Xom [......]
Gold:   15         SH:  0    Dex: 12    Spells: 1/1 levels left

rFire   . .          .
                       - Unarmed
rCold   . . .        (no shield)
rNeg    . . .        a - +2 leather armour
rPois   .            (helmet restricted)
rElec   .            (no cloak)
rCorr   .            (no gloves)
SInv    .            (no boots)
Will    .....        c - amulet of regeneration
Stlth   +            (no ring)
HPRegen 1.04/turn    (no ring)
MPRegen 0.08/turn

%: no passive effects
@: agile
A: horns 1
a: Renounce Religion


You were on level 1 of the Dungeon.
You worshipped Xom.
You were a very special plaything of Xom.
You visited 1 branch of the dungeon, and saw 1 of its levels.

You collected 15 gold pieces.

Inventory:

Armour
 a - a +2 leather armour (worn)
 d - an orb of mayhem
Jewellery
 c - an amulet of regeneration (around neck)
Potions
 e - a potion of attraction {unknown}
Miscellaneous
 b - a piece from Xom's chessboard (14/15) (quivered)


   Skills:
 + Level 3.1 Fighting
 - Level 1.7 Armour
 - Level 0.8 Dodging
 * Level 3.2 Unarmed Combat


You had one spell level left.
You didn't know any spells.
Your spell library was empty.

Dungeon Overview and Level Annotations

Branches:
Dungeon (1/15)

Altars:


Innate Abilities, Weirdness & Mutations

You have a pair of small horns on your head.


Message History

The shadow imp laughs crazily.
You start removing your armour.
You continue taking off your orb of mayhem.
The chaos spawn misses you. The shadow imp closely misses you.
You continue taking off your orb of mayhem.
The chaos spawn hits you!
Keep disrobing? [Y]es or [N]o only, please.
Keep disrobing?
Ouch! That really hurt!
The chaos spawn draws strength from your injuries!
The shadow imp lashes its tail.
The shadow imp closely misses you.
You continue taking off your orb of mayhem.
The chaos spawn gores you.
You feel agile all of a sudden.
Xom thinks this is hilarious!
The shadow imp misses you.
You continue taking off your orb of mayhem.
The chaos spawn barely misses you. The shadow imp gestures at you.
You barely resist.
You finish taking off your orb of mayhem.
The shadow imp misses you.
A hobgoblin comes into view.
A rat comes into view.
The hobgoblin misses you. The hobgoblin barely misses you.
The hobgoblin closely misses you. The hobgoblin attacks as you move away!
The hobgoblin misses you.
You hit the hobgoblin.
You kill the hobgoblin!
You make a move on Xom's chessboard...
The chaos spawn seems to speed up.
The shadow imp spits at you. The chaos spawn completely misses you.
There are monsters nearby!
The shadow imp disappears in a puff of smoke!
The chaos spawn gores you! The chaos spawn freezes you!
Ouch! That really hurt!
You die...

~~§~~# ~~~~~# ###
~~~~~# #.. ~~#~~#
##.## ○~~~~# #...
~~~~## #..#
##########..# #
........##..######.#
##.####......†r4@..#
##.#######..########
............#
##5####....## ##.#
#.#### ...####.
.....## ####.# .#


You could see a chaos spawn (summoned, fast) and a rat.

Vanquished Creatures
  A dart slug (D:1)
  A hobgoblin (D:1)
  A kobold (D:1)
  A quokka (D:1)
  3 ball pythons (D:1)
  2 bats (D:1)
  A rat (D:1)
10 creatures vanquished.

Notes
Turn   | Place    | Note
-------+----------+-------------------------------------------
     0 | D:1      | Alarkh the Demonspawn Chaos Knight began the quest for the
                  | Orb.
     0 | D:1      | Reached XP level 1. HP: 18/18 MP: 1/1
    43 | D:1      | XOM: potion effect (brilliance)
    46 | D:1      | XOM: divination: detect creatures
   100 | D:1      | Gained mutation: You have a pair of small horns on your
                  | head. [demonic ancestry]
   100 | D:1      | Reached XP level 2. HP: 24/24 MP: 2/2
   171 | D:1      | XOM: summons 2 hostile demons
   172 | D:1      | Noticed a chaos spawn
   199 | D:1      | Slain by a chaos spawn

Illustrated notes

Levels and vault maps discovered:
D:1:      saegor_arrival_miasma, layout_loops_ring

Skill      XL: |  1 |
---------------+----+-----
Unarmed Combat | 3 |  3.2
Fighting       | |  3.1
Armour         | |  1.7
Dodging        | |  0.8

Action                     || total
---------------------------++-------
  Melee: Unarmed           ||    36
         Headbutt          ||     1
  Evoke: Piece from Xom's  ||     1
 Armour: Leather armour    ||    22
  Dodge: Dodged            ||    40
